 Dungeon Crawl Stone Soup version 0.25.0 (webtiles) character file.

Game seed: 6689209819483915460

390582 Bionic the Slayer (level 22, -3/240 HPs)
             Began as a Deep Dwarf Fighter on June 12, 2020.
             Was the Champion of Makhleb.
             Killed from afar by a black draconian monk (23 damage)
             ... with a bolt of lightning
             ... on level 5 of the Depths on June 13, 2020.
             The game lasted 02:09:58 (41936 turns).

Bionic the Slayer (Deep Dwarf Fighter)             Turns: 41936, Time: 02:09:59

Health: -3/240     AC: 19    Str: 28    XL:     22   Next: 8%
Magic:  0/10       EV: 18    Int: 11    God:    Makhleb [******]
Gold:   4008       SH: 34    Dex: 12    Spells: 20/21 levels left

rFire    . . .     SeeInvis .   s - +7 broad axe (flame)
rCold    . . .     Gourm    .   v - +2 tower shield {reflect}
rNeg     + . .     Faith    .   U - +0 plate armour {rPois}
rPois    +         Spirit   +   I - +2 helmet
rElec    .         Reflect  +   y - +2 cloak
rCorr    +         Harm     .   g - +2 pair of gloves {archery}
MR       +++..     Rnd*Rage +   p - +1 pair of boots {Stlth+}
Stlth    ..........             V - brooch of Shielding {Spirit SH+8}
HPRegen  0.00/turn              e - +4 ring of evasion
MPRegen  0.12/turn              o - ring of resist corrosion

@: corroded, non-regenerating
A: damage resistance, heal wounds, berserk 1, negative energy resistance 1,
sense surroundings 3, no regeneration
}: 2/15 runes: decaying, gossamer
a: Heal Wounds, Minor Destruction, Lesser Servant of Makhleb, Major Destruction,
Greater Servant of Makhleb, Renounce Religion


You were on level 5 of the Depths.
You worshipped Makhleb.
Makhleb was exalted by your worship.
You were not hungry.

You visited 8 branches of the dungeon, and saw 41 of its levels.
You visited 1 bazaar.
You also visited: Ossuary and Gauntlet.

You collected 5337 gold pieces.
You spent 1329 gold pieces at shops.

Inventory:

Hand Weapons
 q - a +1 eveningstar of flaming
 s - a +7 broad axe of flaming (weapon)
 O - the +3 broad axe of True Grit {freeze, rElec Stlth+}
   (You acquired it on level 10 of the Dungeon)

   It has been specially enchanted to freeze those struck by it, causing extra
   injury to most foes and up to half again as much damage against particularly
   susceptible opponents.
   It can also slow down cold-blooded creatures.
   It insulates you from electricity.
   It makes you more stealthy.
Missiles
 b - 1021 stones (quivered)
Armour
 g - a +2 pair of gloves of archery (worn)
 n - +0 gold dragon scales
 p - a +1 pair of boots of stealth (worn)
 v - a +2 tower shield of reflection (worn)
 y - a +2 cloak (worn)
 I - a +2 helmet (worn)
 U - a +0 plate armour of poison resistance (worn)
Jewellery
 e - a +4 ring of evasion (left hand)
 o - a ring of resist corrosion (right hand)
 E - an uncursed ring of see invisible
 P - an uncursed ring of protection from magic
 V - the brooch of Shielding (around neck) {Spirit SH+8}
   (You bought it in a shop in a bazaar)

   [amulet of guardian spirit]

   It causes incoming damage to be split between your health and magic.
   It affects your SH (+8).
Wands
 t - a wand of random effects (45)
 u - a wand of digging (6)
 w - a wand of disintegration (9)
 z - a wand of acid (25)
 H - a wand of iceblast (32)
 N - a wand of clouds (21)
 S - a wand of flame (57)
 X - a wand of enslavement (8)
 Y - a wand of paralysis (22)
Scrolls
 a - 9 scrolls of fear
 c - 18 scrolls of remove curse
 A - a scroll of acquirement
 B - 2 scrolls of blinking
 C - 12 scrolls of teleportation
 D - 4 scrolls of summoning
 F - 7 scrolls of fog
 K - 3 scrolls of amnesia
 L - 3 scrolls of magic mapping
 M - 9 scrolls of identify
Potions
 d - 3 potions of might
 h - 6 potions of lignification
 i - a potion of resistance
 j - 7 potions of invisibility
 k - 7 potions of brilliance
 l - 5 potions of haste
 r - 3 potions of cancellation
 x - 5 potions of flight
 G - 2 potions of magic
 J - 6 potions of curing
 R - a potion of stabbing
 W - 8 potions of ambrosia
 Z - a potion of heal wounds
Comestibles
 f - 57 rations
 m - 10 chunks of flesh


   Skills:
 * Level 23.2 Fighting
 - Level 18.0 Axes
 - Level 10.0 Armour
 - Level 15.0 Dodging
 - Level 20.2 Shields


You had 20 spell levels left.
You knew the following spells:

 Your Spells              Type           Power        Failure   Level  Hunger
a - Apportation           Tloc           #.....       99%         1    ##.....

Your spell library contained the following spells:

 Spells                   Type           Power        Failure   Level  Hunger
 Animate Skeleton         Necr           N/A          99%         1    ##.....
 Corona                   Hex            #......      99%         1    ##.....
 Infusion                 Chrm           #...         99%         1    ##.....
 Pain                     Necr           #...         99%         1    ##.....
 Sandblast                Erth           #.....       99%         1    ##.....
 Summon Small Mammal      Summ           #...         99%         1    ##.....
 Call Imp                 Summ           #.......     100%        2    ###....
 Ensorcelled Hibernation  Hex/Ice        #.....       100%        2    ###....
 Passwall                 Tmut/Erth      #.......     100%        2    ###....
 Poisonous Vapours        Pois/Air       #.....       100%        2    ###....
 Shroud of Golubria       Chrm/Tloc      #.....       100%        2    ###....
 Song of Slaying          Chrm           #.......     100%        2    ###....
 Swiftness                Chrm/Air       #.......     100%        2    ###....
 Call Canine Familiar     Summ           #.......     100%        3    ####...
 Confusing Touch          Hex            #.......     100%        3    ####...
 Dazzling Flash           Conj/Hex       #.....       100%        3    ####...
 Ozocubu's Armour         Chrm/Ice       #.......     100%        3    ####...
 Recall                   Summ/Tloc      N/A          100%        3    ####...
 Spectral Weapon          Hex/Chrm       #.......     100%        3    ####...
 Stone Arrow              Conj/Erth      #.....       100%        3    ####...
 Summon Guardian Golem    Hex/Summ       #.......     100%        3    ####...
 Tukima's Dance           Hex            #.......     100%        3    ####...
 Animate Dead             Necr           N/A          100%        4    #####..
 Passage of Golubria      Tloc           N/A          100%        4    #####..
 Petrify                  Tmut/Erth      #.......     100%        4    #####..
 Summon Ice Beast         Ice/Summ       #.......     100%        4    #####..
 Summon Lightning Spire   Summ/Air       #.......     100%        4    #####..
 Borgnjor's Vile Clutch   Necr/Erth      #.........   100%        5    ######.
 Lee's Rapid Deconstruct  Erth           #.........   100%        5    ######.
 Silence                  Hex/Air        #.........   100%        5    ######.
 Darkness                 Hex            #.........   100%        6    #######
 Death Channel            Necr           #.........   100%        6    #######
 Invisibility             Hex            #.......     100%        6    #######
 Simulacrum               Ice/Necr       #.........   100%        6    #######
 Tornado                  Air            #.........   100%        9    #######


Dungeon Overview and Level Annotations

Branches:
Dungeon (15/15)            Temple (1/1) D:6            Lair (6/6) D:9
  Swamp (4/4) Lair:3       Spider (4/4) Lair:2        Slime (0/5) Lair:6
    Orc (2/2) D:10            Elf (0/3) Orc:2        Vaults (4/5) D:14
  Crypt (0/3) Vaults:2     Depths (5/5) D:15        Ossuary (visited)
Gauntlet (visited)
    Zot: Depths:5

Altars:
Ashenzari
Cheibriados
Dithmenos
Elyvilon
Fedhas
Gozag
Kikubaaqudgha
Makhleb
Nemelex Xobeh
Okawaru
Qazlal
Sif Muna
Uskayaw
Xom
Yredelemnul
The Shining One
Beogh
Jiyva

Shops:
D:5 [   D:15 (   Orc:2 *:([   Vaults:3 (   Vaults:4 (   Depths:1 ?:
Depths:4 [

Portals:
Hell: Depths:1 Depths:2 Depths:3
Abyss: Depths:4
Pandemonium: Depths:3 Depths:4
Ziggurat: Depths:4
Trove: D:12 (give 2 scrolls of acquirement)

Annotations:
D:4 1 runed translucent door


Innate Abilities, Weirdness & Mutations

You are resistant to damage.
You can heal yourself by infusing magical energy.
You resist negative energy. (rN+)
You passively map a large area around you.
You do not regenerate.
You tend to lose your temper in combat.


Message History

You feel much better.
You are engulfed in blazing flames.
* * * LOW HITPOINT WARNING * * *
You block the yellow draconian's attack.
You block the black draconian monk's attack. x3
The red draconian breathes flames at you.
The searing blast hits you!!
* * * LOW HITPOINT WARNING * * *
You slice the black draconian monk!! You burn the black draconian monk.
The black draconian monk is heavily wounded.
You completely miss the red draconian.
You are engulfed in blazing flames.
* * * LOW HITPOINT WARNING * * *
You block the yellow draconian's attack.
The black draconian monk hits you but does no damage.
You block the black draconian monk's attack. x2
You block the red draconian's attack.
You are no longer poisoned.
You block the yellow draconian's attack.
The black draconian monk breathes lightning at you.
The bolt of lightning hits you!!
You die...

, #..≈≈≈≈..#.# ,
,+..≈≈♣≈..'.## *
* * *
*#..≈≈≈≈..#..# *
*#.........#.#
*###.....†...# *
,, ....#+#.#'#.#
,, , * ... *
#.#.#..# , * #.,
,###.#.... , * ,
,# #@## ... , ,
#°†#* #... , , ,
, #...dq.d..# .
, , ,
#...........#* ,
....$.⌠...⌠....
* ,, *
...............
** * *
,..⌠............
* * *
......########.
* #...## ,, ,


You could see a black draconian monk (catching breath), a yellow draconian and a
red draconian.

Vanquished Creatures
  A caustic shrike (Depths:4)
  2 golden dragons
  Arachne (Spider:2)
  A tentacled monstrosity (Depths:4)
  A lich (Depths:3)
  A titan (Depths:5)
  An ancient champion (Vaults:2)
  2 thorn hunters (Swamp:4)
  The ghost of Barug the Brawler, an adept TrMo of Nemelex Xobeh (Depths:2)
  2 tengu reavers
  A storm dragon (shapeshifter) (Depths:4)
  A sphinx (Vaults:4)
  Kirke (Lair:5)
  A revenant (Depths:3)
  7 fire giants
  An orc warlord (Orc:2)
  A deep elf sorcerer (Vaults:4)
  5 frost giants
  5 ghost moths
  A caustic shrike zombie (Depths:3)
  Louise (Spider:2)
  6 emperor scorpions
  6 vault wardens
  2 juggernaut zombies (Depths:3)
  10 ironheart preservers
  20 stone giants
  3 deep elf demonologists
  4 entropy weavers
  5 vampire knights (Depths:3)
  11 very ugly things
  Azrael (Spider:2)
  A minotaur (Gauntlet)
  5 spark wasps
  A white draconian (Depths:5)
  6 ettins
  Josephine (D:14)
  A death ooze (Gauntlet)
  9 fire dragons
  11 yaktaur captains
  A deep elf death mage (Vaults:2)
  9 jiangshi
  A merfolk impaler (Depths:1)
  10 rakshasas
  2 great orbs of eyes
  10 ice dragons
  An anaconda (shapeshifter) (Vaults:4)
  6 ghost crabs
  25 hydras
  3 spriggan air magi
  3 shambling mangroves
  Erica (Lair:2)
  5 tengu warriors
  10 centaur warriors
  9 ogre magi
  25 two-headed ogres
  5 death knights
  2 death yaks
  10 alligators
  A queen ant (Lair:5)
  Urug (D:11)
  6 deep troll earth magi
  6 vampire magi
  9 deep troll shamans
  2 spriggan berserkers (Depths:3)
  A deep elf knight (Vaults:3)
  An orc high priest (Orc:2)
  Sonja (Lair:1)
  2 shock serpents (shapeshifter)
  A fire crab (shapeshifter) (Depths:4)
  6 skeletal warriors
  13 hell knights
  6 iron trolls
  2 storm dragon skeletons
  10 swamp dragons
  An unseen horror (shapeshifter) (Vaults:3)
  A spark wasp zombie (Depths:3)
  4 spriggan druids
  15 deep trolls
  2 unseen horrors (D:14)
  4 flayed ghosts
  4 wizards
  A glowing orange brain (Vaults:3)
  An orange crystal statue (Vaults:3)
  4 harpies
  A sphinx zombie (Vaults:3)
  6 deep elf archers
  13 orb spiders
  3 phantasmal warriors
  A human zombie (Vaults:3)
  19 orc knights
  An iron dragon zombie (Depths:3)
  A lindwurm (shapeshifter) (Depths:5)
  7 deep elf magi
  6 necromancers
  2 tengu zombies
  10 ironbrand convokers
  30 ugly things
  A shadow dragon skeleton (Vaults:4)
  A mana viper (shapeshifter) (Depths:3)
  4 orc sorcerers
  30 wolf spiders
  A stone giant zombie (Vaults:4)
  11 cyclopes
  A shining eye (shapeshifter) (Vaults:2)
  A manticore (D:13)
  A faun (shapeshifter) (Depths:4)
  A tengu skeleton (Depths:3)
  2 moths of wrath
  2 fire giant zombies (Depths:3)
  A frost giant skeleton (Depths:3)
  A fire giant skeleton (Vaults:3)
  A sphinx skeleton (Depths:3)
  A human skeleton (Vaults:3)
  A guardian serpent (D:13)
  3 elf zombies (Depths:3)
  3 torpor snails
  2 smoke demons (Depths:4)
  A black mamba (Lair:4)
  10 vault sentinels
  21 spiny frogs
  2 gargoyles
  4 kobold demonologists
  Maggie (D:10)
  2 rime drakes
  51 yaktaurs
  11 komodo dragons
  13 demonic crawlers
  A komodo dragon (shapeshifter) (Depths:1)
  4 freezing wraiths
  2 spriggan skeletons (Depths:3)
  An elf skeleton (Depths:3)
  2 red devils
  A golden dragon simulacrum (Depths:3)
  26 jumping spiders
  A tormentor (Depths:4)
  3 tengu conjurers
  A queen bee (shapeshifter) (Vaults:4)
  2 tyrant leeches
  8 trolls
  44 hornets
  A hornet (shapeshifter) (D:15)
  4 polar bears
  A shadow dragon simulacrum (Vaults:4)
  10 blink frogs
  65 slime creatures
  11 bog bodies
  A hippogriff (shapeshifter) (Depths:2)
  7 hippogriffs
  15 dream sheep
  4 flying skulls (Depths:3)
  68 redbacks
  3 shadows
  A ynoxinul (Depths:4)
  20 spriggans
  Eustachio (D:6)
  27 tarantellas
  4 water elementals (Depths:1)
  12 wraiths
  29 yaks
  A hungry ghost (D:12)
  4 fire elementals (Spider:2)
  3 hogs (Lair:5)
  5 basilisks
  6 vampire mosquitoes
  10 insubstantial wisps
  8 wargs
  6 soldier ants
  A soldier ant (shapeshifter) (Vaults:3)
  11 swamp worms
  2 acid dragons
  A hell hound (Spider:2)
  14 water moccasins
  14 swamp drakes
  56 orc warriors
  14 porcupines
  Duvessa (D:7)
  4 sky beasts
  6 black bears
  An ice beast (D:12)
  A black bear (shapeshifter) (Vaults:4)
  4 phantoms
  An ogre (shapeshifter) (Vaults:2)
  35 wolves
  26 boggarts
  An ettin simulacrum (Vaults:3)
  29 ogres
  2 necrophages
  27 centaurs
  13 crocodiles
  2 big kobolds
  Blork the orc (D:4)
  16 bullfrogs
  2 wyvern zombies
  An ogre simulacrum (Vaults:1)
  Dowan (D:7)
  8 scorpions
  A wyvern skeleton (D:12)
  5 killer bees (D:12)
  11 wights
  4 electric eels (D:8)
  A howler monkey (D:5)
  5 crimson imps
  A human simulacrum (Vaults:3)
  A centaur zombie (D:6)
  2 jellies
  2 quasits
  2 bullfrog zombies
  8 hounds
  3 bullfrog skeletons
  27 orc priests
  2 centaur skeletons
  An iron imp (Depths:2)
  Jessica (D:3)
  Natasha (twice) (D:4)
  42 orc wizards
  6 iguanas
  15 worker ants
  A killer bee zombie (D:6)
  A big kobold zombie (Ossuary)
  A hound zombie (D:7)
  8 mummies (Ossuary)
  A worker ant zombie (D:7)
  A howler monkey zombie (D:11)
  Robin (D:4)
  16 gnolls
  A howler monkey skeleton (D:9)
  13 adders
  6 shadow imps
  An ufetubus (Depths:3)
  An adder skeleton (D:5)
  An adder zombie (D:7)
  8 worms
  3 dart slugs
  8 leopard geckos
  130 orcs
  8 bats
  7 giant cockroaches
  19 goblins
  11 hobgoblins
  11 jackals
  11 kobolds
  9 quokkas
  A ball python (D:2)
  5 frilled lizards
  3 hobgoblin zombies (Ossuary)
  A jackal skeleton (D:4)
  3 kobold zombies (Ossuary)
  A leopard gecko skeleton (D:4)
  An orc zombie (Ossuary)
  2 quokka skeletons (D:4)
  A quokka zombie (D:7)
  3 rats
  A briar patch (Swamp:2)
  10 fungi
  3 plants (Lair:5)
1842 creatures vanquished.

Vanquished Creatures (collateral kills)
  2 yaks (Lair:4)
  2 wolves (Lair:4)
4 creatures vanquished.

Vanquished Creatures (others)
  An ironheart preserver (Vaults:2)
  An entropy weaver (Spider:4)
  2 ugly things (Swamp:3)
  2 jumping spiders
  A human (Lair:5)
  A swamp drake (Swamp:3)
  A boggart (Depths:3)
  Natasha (D:4)
  A kobold (D:13)
  6 briar patches
  5 bushes (Lair:5)
  22 fungi
  27 plants
71 creatures vanquished.

Grand Total: 1917 creatures vanquished

Notes
Turn   | Place    | Note
-------+----------+-------------------------------------------
     0 | D:1      | Bionic the Deep Dwarf Fighter began the quest for the Orb.
     0 | D:1      | Reached XP level 1. HP: 20/20 MP: 1/1
   346 | D:1      | Reached XP level 2. HP: 24/27 MP: 2/2
   829 | D:2      | Reached XP level 3. HP: 23/33 MP: 3/3
  1338 | D:2      | Reached XP level 4. HP: 24/40 MP: 3/3
  1772 | D:3      | Noticed Jessica
  1778 | D:3      | Killed Jessica
  1802 | D:3      | Reached XP level 5. HP: 32/46 MP: 3/3
  2090 | D:3      | Reached skill level 5 in Axes
  2231 | D:3      | Reached XP level 6. HP: 32/55 MP: 3/3
  2538 | D:4      | Found a glowing golden altar of the Shining One.
  2538 | D:4      | Found a runed translucent door.
  2538 | D:4      | Noticed an angel
  2719 | D:4      | Reached skill level 5 in Armour
  2772 | D:4      | Reached skill level 5 in Shields
  2787 | D:4      | Noticed Robin
  2806 | D:4      | Killed Robin
  2993 | D:4      | Reached XP level 7. HP: 38/61 MP: 4/4
  3353 | D:4      | Found a white marble altar of Elyvilon.
  3596 | D:4      | Noticed Natasha
  3617 | D:4      | Killed Natasha
  3634 | D:4      | Noticed Natasha
  3637 | D:4      | Killed Natasha
  3674 | D:4      | Noticed Natasha
  3689 | D:4      | Killed Natasha
  3733 | D:4      | Noticed Blork the orc
  3749 | D:4      | Killed Blork the orc
  3749 | D:4      | Reached XP level 8. HP: 60/68 MP: 5/5
  3765 | D:4      | Found a shimmering altar of Xom.
  3776 | D:4      | Found a sparkling altar of Nemelex Xobeh.
  3781 | D:4      | Found an ancient bone altar of Kikubaaqudgha.
  3788 | D:4      | Found a stormy altar of Qazlal.
  3793 | D:4      | Found a shattered altar of Ashenzari.
  3800 | D:4      | Found a shimmering blue altar of Sif Muna.
  3805 | D:4      | Found a glowing golden altar of the Shining One.
  3961 | D:5      | Entered Level 5 of the Dungeon
  3967 | D:5      | Found Nelenu's Armour Boutique.
  3979 | D:5      | Bought a +0 tower shield of reflection for 85 gold pieces
  4712 | D:6      | Found a blossoming altar of Fedhas.
  5137 | D:6      | Found a staircase to the Ecumenical Temple.
  5196 | D:6      | Noticed Eustachio
  5277 | D:6      | Killed Eustachio
  5929 | D:7      | Gained mutation: You passively map the area around you.
                  | [Deep Dwarf growth]
  5929 | D:7      | Reached XP level 9. HP: 59/74 MP: 0/6
  5977 | Temple   | Entered the Ecumenical Temple
  6043 | Temple   | Became a worshipper of Makhleb the Destroyer
  6176 | D:7      | Noticed Duvessa
  6181 | D:7      | Noticed Dowan
  6200 | D:7      | Killed Duvessa
  6202 | D:7      | Killed Dowan
  6313 | D:7      | Reached skill level 10 in Axes
  6486 | D:7      | Reached * piety under Makhleb
  6647 | D:8      | Found a sand-covered staircase.
  6653 | Ossuary  | Entered an ossuary
  6961 | D:8      | Found a snail-covered altar of Cheibriados.
  7131 | D:8      | Reached XP level 10. HP: 58/81 MP: 0/7
  7176 | D:8      | Reached ** piety under Makhleb
  7568 | D:8      | Found an opulent altar of Gozag.
  8010 | D:9      | Found a snail-covered altar of Cheibriados.
  8023 | D:9      | Noticed a deep elf mage
  8239 | D:9      | Killed a deep elf mage
  8385 | D:9      | Found a staircase to the Lair.
  8760 | D:10     | Entered Level 10 of the Dungeon
  8760 | D:10     | Found a staircase to the Orcish Mines.
  8760 | D:10     | Noticed Maggie
  8945 | D:10     | Reached *** piety under Makhleb
  9088 | D:10     | Paralysed by a hornet for 2 turns
  9194 | D:10     | Identified a scroll of acquirement
  9195 | D:10     | Got the +3 broad axe of True Grit {freeze, rElec Stlth+}
  9379 | D:10     | Killed Maggie
  9568 | D:10     | Found a shattered altar of Ashenzari.
  9759 | D:11     | Reached XP level 11. HP: 88/88 MP: 0/5
  9822 | D:11     | Reached skill level 10 in Armour
  9822 | D:11     | Reached skill level 10 in Shields
  9825 | D:11     | Noticed a centaur warrior
  9843 | D:11     | Killed a centaur warrior
  9959 | D:11     | Noticed Urug
  9976 | D:11     | Reached **** piety under Makhleb
  9978 | D:11     | Killed Urug
 10581 | D:12     | Noticed a cyan ugly thing
 10598 | D:12     | Killed a cyan ugly thing
 10697 | D:12     | Noticed a white ugly thing
 10719 | D:12     | Killed a white ugly thing
 10789 | D:12     | Reached skill level 15 in Axes
 10860 | D:12     | Found a portal to a secret trove of treasure.
 10943 | D:12     | Reached XP level 12. HP: 96/96 MP: 0/6
 11089 | D:12     | Reached ***** piety under Makhleb
 11090 | D:12     | Found a roughly hewn altar of Beogh.
 11709 | Lair:1   | Entered Level 1 of the Lair of Beasts
 11894 | Lair:1   | Got a pair of translucent boots
 11901 | Lair:1   | Identified the cursed +0 pair of boots "Padghu Haypp" {Harm
                  | *Slow rElec rC+} (You found it on level 1 of the Lair of
                  | Beasts)
 11994 | Lair:1   | Noticed Sonja
 12018 | Lair:1   | Killed Sonja
 12620 | Lair:2   | Noticed a seven-headed hydra
 12622 | Lair:2   | Noticed Erica
 12626 | Lair:2   | Killed a seven-headed hydra
 12633 | Lair:2   | Killed Erica
 12873 | Lair:2   | You fall into a shaft and drop 2 floors!
 12918 | Lair:2   | Reached XP level 13. HP: 102/102 MP: 7/7
 13031 | Lair:2   | Found a hole to the Spider Nest.
 13631 | Lair:3   | Found a staircase to the Swamp.
 14068 | Lair:4   | Reached ****** piety under Makhleb
 14809 | Lair:5   | Noticed Kirke
 14819 | Lair:5   | Noticed a sphinx
 14847 | Lair:5   | Killed Kirke
 14847 | Lair:5   | Reached skill level 15 in Shields
 15423 | Lair:5   | Noticed an entropy weaver
 15423 | Lair:5   | Noticed an entropy weaver
 15466 | Lair:5   | Killed an entropy weaver
 15508 | Lair:5   | HP: 1/102 [entropy weaver (7)]
 15598 | Lair:5   | Killed an entropy weaver
 15775 | Lair:5   | Gained mutation: You resist negative energy. (rN+) [Deep
                  | Dwarf growth]
 15775 | Lair:5   | Reached XP level 14. HP: 95/109 MP: 4/4
 16049 | Lair:6   | Entered Level 6 of the Lair of Beasts
 16081 | Lair:6   | Found a staircase to the Slime Pits.
 16082 | Lair:6   | Found a viscous altar of Jiyva.
 16694 | Lair:6   | Learned a level 1 spell: Apportation
 17251 | Orc:1    | Entered Level 1 of the Orcish Mines
 17512 | Orc:2    | Entered Level 2 of the Orcish Mines
 17525 | Orc:2    | Found a staircase to the Elven Halls.
 17902 | Orc:2    | Noticed an orc warlord
 17946 | Orc:2    | Killed an orc warlord
 17977 | Orc:2    | Found a roughly hewn altar of Beogh.
 18011 | Orc:2    | Found Ehirr's General Store.
 18074 | Orc:2    | Found Atis's Antique Weapon Shop.
 18559 | Orc:2    | Found Lisch's Antique Armour Shop.
 18567 | Orc:2    | Bought a pair of embroidered boots for 195 gold pieces
 18608 | Orc:2    | Found Aleew's Book Shop.
 19027 | D:13     | Found a gate leading to a gauntlet.
 19050 | Gauntlet | Entered a Gauntlet
 19050 | Gauntlet | Found a transporter.
 19060 | Gauntlet | Found a transporter.
 19064 | Gauntlet | Found a runed translucent door.
 19064 | Gauntlet | Found a runed translucent door.
 19074 | Gauntlet | Found a transporter.
 19076 | Gauntlet | Found a transporter.
 19085 | Gauntlet | Found a runed translucent door.
 19088 | Gauntlet | Found a transporter.
 19102 | Gauntlet | Found a transporter.
 19112 | Gauntlet | Found a transporter.
 19122 | Gauntlet | Found a transporter.
 19122 | Gauntlet | Noticed a reaper
 19136 | Gauntlet | Found a transporter.
 19150 | Gauntlet | Found a transporter.
 19150 | Gauntlet | Found a transporter.
 19160 | Gauntlet | Found a transporter.
 19201 | Gauntlet | Found a transporter.
 19251 | Gauntlet | Found a transporter.
 19926 | D:14     | Reached XP level 15. HP: 106/115 MP: 5/5
 20247 | D:14     | Noticed Josephine
 20251 | D:14     | Found a gate to the Vaults.
 20257 | D:14     | Killed Josephine
 20546 | D:14     | Found a flickering gateway to a bazaar.
 20556 | Bazaar   | Entered a bazaar
 20558 | Bazaar   | Found Gorphad's Jewellery Emporium.
 20566 | Bazaar   | Bought the brooch of Shielding {Spirit SH+8} for 712 gold
                  | pieces
 20566 | Bazaar   | Found the brooch of Shielding {Spirit SH+8}
 20568 | Bazaar   | Found Dikk's Assorted Antiques.
 20576 | Bazaar   | Bought a scroll of enchant weapon for 202 gold pieces
 20609 | Bazaar   | Found Jiletaets's Book Shoppe.
 20617 | Bazaar   | Found Kinwi's Food Boutique.
 20957 | D:15     | Entered Level 15 of the Dungeon
 21106 | D:15     | Reached skill level 3 in Fighting
 21106 | D:15     | Reached skill level 1 in Dodging
 21193 | D:15     | Found a basalt altar of Yredelemnul.
 21217 | D:15     | Reached skill level 4 in Fighting
 21602 | D:15     | Found Lotuf's Antique Weapon Shop.
 21666 | D:15     | Found a staircase to the Depths.
 21687 | D:15     | Reached skill level 5 in Fighting
 22286 | Swamp:1  | Entered Level 1 of the Swamp
 22482 | Swamp:1  | Reached skill level 6 in Fighting
 23318 | Swamp:2  | Identified Sif Muna's Guide on the Birds and Black Secrets
 23370 | Swamp:2  | Reached skill level 5 in Dodging
 23448 | Swamp:2  | Noticed a thorn hunter
 23502 | Swamp:2  | Reached skill level 7 in Fighting
 24056 | Swamp:3  | Reached XP level 16. HP: 117/138 MP: 0/6
 24339 | Swamp:3  | Reached skill level 8 in Fighting
 24853 | Swamp:4  | Entered Level 4 of the Swamp
 24942 | Swamp:3  | Reached skill level 9 in Fighting
 24992 | Swamp:4  | Noticed a thorn hunter
 25019 | Swamp:4  | Noticed a thorn hunter
 25951 | Swamp:4  | Reached skill level 10 in Fighting
 26115 | Swamp:4  | Got a decaying rune of Zot
 26194 | Swamp:4  | Killed a thorn hunter
 26455 | Swamp:4  | Killed a thorn hunter
 26470 | Swamp:4  | Reached skill level 11 in Fighting
 26892 | Spider:1 | Entered Level 1 of the Spider Nest
 27605 | Spider:2 | Reached XP level 17. HP: 158/158 MP: 0/5
 28122 | Spider:2 | Noticed Louise
 28131 | Spider:2 | Killed Louise
 28131 | Spider:2 | Reached skill level 12 in Fighting
 28184 | Spider:2 | Reached skill level 10 in Dodging
 28322 | Spider:2 | Noticed Azrael
 28339 | Spider:2 | Killed Azrael
 28393 | Spider:2 | Noticed Arachne
 28428 | Spider:2 | Killed Arachne
 28823 | Spider:3 | Reached skill level 13 in Fighting
 30082 | Spider:4 | Entered Level 4 of the Spider Nest
 30661 | Spider:4 | Reached skill level 14 in Fighting
 30673 | Spider:4 | Got a gossamer rune of Zot
 30872 | Spider:4 | Gained mutation: You passively map a large area around you.
                  | [Deep Dwarf growth]
 30872 | Spider:4 | Reached XP level 18. HP: 141/175 MP: 0/6
 31002 | Spider:4 | Identified the Compendium of the Forgotten Allies
 31597 | Vaults:1 | Entered Level 1 of the Vaults
 32301 | Vaults:1 | Reached skill level 15 in Fighting
 33282 | Vaults:2 | Found a staircase to the Crypt.
 33684 | Vaults:2 | Reached skill level 16 in Fighting
 33739 | Vaults:2 | Gained mutation: You tend to lose your temper in combat. [a
                  | shining eye]
 33893 | Vaults:2 | You fall into a shaft and drop 2 floors!
 34004 | Vaults:4 | Reached XP level 19. HP: 190/190 MP: 0/7
 34328 | Vaults:3 | Found Kyaff's Antique Weapon Boutique.
 34405 | Vaults:3 | Reached skill level 17 in Fighting
 35220 | Vaults:3 | Reached skill level 15 in Dodging
 36024 | Vaults:4 | Reached skill level 18 in Fighting
 36183 | Vaults:4 | Noticed a golden dragon
 36213 | Vaults:4 | Killed a golden dragon
 36588 | Vaults:4 | Reached XP level 20. HP: 206/206 MP: 0/8
 36973 | Vaults:4 | Found Zurel's Antique Weapon Boutique.
 36976 | Vaults:4 | Found a hide-covered altar of Uskayaw.
 37272 | Depths:1 | Entered Level 1 of the Depths
 37296 | Depths:1 | Reached skill level 19 in Fighting
 37680 | Depths:1 | Found Zemil's One-of-a-Kind Books.
 37787 | Depths:1 | Found a gateway to Hell.
 37804 | Depths:1 | Found Bitsun's Magic Scroll Shop.
 37829 | Depths:1 | Bought a scroll of enchant weapon for 135 gold pieces
 37908 | Depths:1 | Reached skill level 20 in Fighting
 38071 | Depths:2 | Got a shimmering tin amulet
 38072 | Depths:2 | Identified the amulet "Demeat" {RegenMP Dex+3} (You found
                  | it on level 2 of the Depths)
 38453 | Depths:2 | Found a sparkling altar of Nemelex Xobeh.
 38644 | Depths:2 | Found a runed translucent door.
 38644 | Depths:2 | Noticed Barug's ghost (adept TrMo)
 38729 | Depths:2 | Reached skill level 21 in Fighting
 38738 | Depths:2 | Reached XP level 21. HP: 223/223 MP: 0/9
 39039 | Depths:2 | Killed Barug's ghost
 39845 | Depths:3 | Reached skill level 22 in Fighting
 40213 | Depths:3 | Found a one-way gate leading to the halls of Pandemonium.
 41054 | Depths:4 | Found Puogg's Antique Armour Emporium.
 41107 | Depths:4 | Found a gateway to a ziggurat.
 41197 | Depths:4 | Found a one-way gate to the infinite horrors of the Abyss.
 41723 | Depths:4 | Noticed a caustic shrike
 41743 | Depths:4 | Reached skill level 23 in Fighting
 41807 | Depths:4 | Killed a caustic shrike
 41807 | Depths:4 | Reached XP level 22. HP: 157/240 MP: 0/10
 41876 | Depths:5 | Entered Level 5 of the Depths
 41887 | Depths:5 | Noticed a golden dragon
 41902 | Depths:5 | Killed a golden dragon
 41936 | Depths:5 | Killed from afar by a black draconian monk

Illustrated notes

Levels and vault maps discovered:
D:1:      dpeg_arrival_rooms_a, layout_basic, solitary_fountain,
          corexii_corridor_pit, chequers_serial_rivers_large_b,
          minmay_misc_feat_chi
D:2:      layout_loops_ring
D:3:      layout_loops_ring, grunt_decor_mini_mirrors, minmay_tree_intersection,
          uniq_jessica
D:4:      layout_basic, grunt_temple_overflow_octagram, old_standard_altar,
          lemuel_angel_altar, uniq_blork_the_orc, uniq_robin, uniq_natasha
D:5:      layout_rooms, first_ration, serial_shops, shop_statue,
          minmay_increasing_density
D:6:      layout_basic, fedhas_bush_and_centaur_altar,
          minmay_temple_entry_gardened_gates, uniq_eustachio
D:7:      layout_rooms, uniq_duvessa
D:8:      layout_loops_ring, kennysheep_mini, serial_bayou,
          serial_bayou_crossing, serial_bayou_shore_b, serial_bayou_lake_a,
          serial_bayou_ford_a, serial_bayou_pond_b, serial_bayou_shore_a,
          nicolae_ossuary_entry_plus, basic_altar
D:9:      layout_gridville, lemuel_crystal_altar, due_lair_maze_entry_diamond
D:10:     layout_long_grid, orc_david_3, basic_altar, blue_anna_alchemist
          [blue_anna_fruit_fields, blue_anna_fruit_fields], uniq_maggie
D:11:     layout_basic, uniq_urug
D:12:     minmay_razor_zed, layout_basic, nicolae_trove_entry_crossroad,
          special_room [special_room_orc]
D:13:     layout_loops_ring, gauntlet_entry_generic,
          nrook_guardian_serpent_double
D:14:     layout_long_grid, david_vaults_2, palyth_stone_intersect,
          serial_shops, bzr_entry_lakeside, uniq_josephine
D:15:     grunt_enter_depths_snipers, layout_stronghold, serial_shops,
          nicolae_shop_trees, yredelemnul_altar_generic
Temple:   minmay_temple_curvy_loop
Lair:1:   layout_roguey, uniq_sonja
Lair:2:   layout_hall_layers, spider_nest_entry_funnel_web, uniq_erica
Lair:3:   layout_layer_cave, minmay_swamp_entry_reptiles
Lair:4:   layout_cave_shapes, cheibrodos_lair_caveside_slide, grunt_megastairs_3
Lair:5:   layout_cave_pods, serial_forest, infiniplex_forest_lined_room_3,
          infiniplex_forest_corner_2, infiniplex_forest_lined_1,
          infiniplex_forest_straight_4, infiniplex_forest_clump_curved,
          infiniplex_forest_end_1, infiniplex_forest_lined_room_2,
          infiniplex_forest_straight_2, infiniplex_forest_end_double,
          infiniplex_forest_lined_2, st_stairs_3, wad_woods_antlair, uniq_kirke
Lair:6:   minmay_lair_end_enchanted_forest, layout_gridlike, slime_altar_1,
          chequers_serial_rivers_small_a, infiniplex_staircase_pool
Swamp:1:  layout_falls_marsh, hangedman_swamp_blocks
Swamp:2:  layout_basic_swamp, evilmike_swamp_ruin_house_2
Swamp:3:  layout_basic_swamp, evilmike_swamp_ruin_house_4, swamp_pool1,
          cheibrodos_swamp_kobolds
Swamp:4:  swamp_alternative, layout_basic_swamp, swamp_pool2,
          nicolae_swamp_dense_foliage
Spider:1: layout_spider_delve
Spider:2: layout_spider_delve, hive_lemuel, uniq_azrael, uniq_arachne,
          uniq_louise
Spider:3: layout_chambers, drop_trap, spiders_nest_ghost_moth_duel
Spider:4: guppyfry_spider_rune
Orc:1:    layout_caves
Orc:2:    grunt_orc_cross, layout_caves, special_room
Vaults:1: v_misc_11, v_misc_14, ontoclasm_vaults_spin, vaults_room_glass_cross,
          v_misc_14, nicolae_vaults_ring_of_whatevers,
          nicolae_vaults_ring_of_whatevers, v_misc_29, v_misc_18,
          ontoclasm_vaults_decontamination, layout_vaults_omnigrid
Vaults:2: v_misc_2, v_misc_14, nicolae_vaults_little_squares_3,
          hangedman_vaults_stagger, minmay_crypt_entry_simple_statues,
          v_alt_pattern_1, nicolae_vaults_triangles, vaults_mumra_hex,
          nicolae_vaults_circle_grid_b, v_misc_12, vaults_room_corners,
          layout_vaults_big_room
Vaults:3: nicolae_vaults_statue_guard, v_misc_16, v_misc_33, v_pattern_3,
          grunt_vaults_twisty, v_misc_9, hangedman_vaults_snaps,
          vaults_dpeg_diagonal, nicolae_vaults_windows_and_doors_thing,
          v_misc_22, ontoclasm_vaults_ring_square, vaults_room_pool,
          nicolae_vaults_diagonal_hallway_7, layout_vaults_ring, serial_shops,
          nicolae_shop_overgrown_old_shop
Vaults:4: nicolae_vaults_little_squares_6, grunt_vaults_diagonal,
          nicolae_vaults_network_s, v_misc_8, v_misc_31, v_misc_22,
          grunt_vaults_focal, nicolae_vaults_murderbox, v_misc_23,
          grunt_vaults_hallway_long, layout_vaults_omnibox, basic_altar,
          serial_shops, shop
Depths:1: layout_cave_pools, hell_entry, serial_shops, shop_fountains,
          nicolae_rare_books, kennysheep_generic_room_13
Depths:2: minmay_curly_fans, layout_long_grid,
          nemelex_xobeh_ov_fountains_minmay, grunt_hell_entry_dis_grunt,
          ebering_ghost_reflecting_pool, grunt_ministairs_3, hex_tiny
Depths:3: hangedman_screamer, layout_cave_shapes, patterned_corridor,
          hangedman_geh_valley, grunt_pan_entry_in_and_out, grunt_megastairs_2,
          infiniplex_staircase_zigzag_2
Depths:4: minmay_polygon_palace, layout_cross, enter_ziggurat_e, hell_entry,
          nicolae_abyss_entry_one_way_or_another, serial_shops, shop,
          minmay_misc_feat_iff, rand_demon_pan_entry_4, corexii_corridor_pit,
          kennysheep_four_rooms, infiniplex_staircase_spiral_double
Depths:5: grunt_zot_entry_gee_three, layout_gridlike, old_standard_altar,
          pf_hell_entry_tar_river, serial_shops, shop

Skill      XL: |  1  2  3  4  5  6  7  8  9 10 11 12 13 14 15 16 17 18 19 20 21 |
---------------+----------------------------------------------------------------+-----
Axes           | 3 4 5 6 7 9 11 12 15 17 18 | 18.0
Armour         | 4 5 6 7 8 9 10 | 10.0
Shields        | 4 5 6 7 8 9 11 13 16 19 20 | 20.2
Fighting       | 7 11 14 16 18 21 23 | 23.2
Dodging        | 5 9 12 13 15 | 15.0

Action                   |  1- 3 |  4- 6 |  7- 9 | 10-12 | 13-15 | 16-18 | 19-21 | 22-24 || total
-------------------------+-------+-------+-------+-------+-------+-------+-------+-------++-------
Melee: War axe           |   234 |   281 |   543 |   329 |       |       |       |       ||  1387
       Broad axe         |       |       |       |   563 |  1478 |  1873 |  1758 |    26 ||  5698
       Morningstar       |       |       |       |     4 |   116 |    99 |       |       ||   219
Throw: Stone             |    51 |   112 |   182 |   188 |   160 |   246 |    17 |       ||   956
 Abil: Heal Wounds       |     2 |     3 |     8 |    17 |     8 |    10 |     3 |     1 ||    52
Evoke: Wand              |       |       |     6 |     9 |    22 |     6 |     2 |       ||    45
  Use: Scroll            |     7 |     1 |     9 |     8 |    22 |    12 |     9 |       ||    68
       Potion            |       |       |       |     2 |     8 |    14 |       |       ||    24
 Stab: Paralysed         |       |       |     2 |       |       |       |       |       ||     2
       Distracted        |       |       |       |       |       |       |     1 |       ||     1
  Eat: Chunk             |     2 |     6 |    11 |    22 |    33 |    23 |    24 |       ||   121
       Ration            |       |       |     1 |       |     1 |     4 |     1 |       ||     7
Armor: Chain mail        |   131 |   123 |    66 |       |       |       |       |       ||   320
       Scale mail        |     3 |       |       |       |       |       |       |       ||     3
       Plate armour      |       |       |   148 |   382 |   476 |   594 |   350 |    10 ||  1960
Dodge: Dodged            |    64 |    48 |    53 |    93 |   173 |   537 |   396 |    12 ||  1376
Block: Kite shield       |   124 |   114 |    37 |       |       |       |       |       ||   275
       Tower shield      |       |       |   372 |   887 |  1814 |  2712 |  2133 |    44 ||  7962
       Reflection        |       |       |     4 |    13 |    61 |    56 |   121 |       ||   255
